[Event "Ennis Open 2024"]
[Site "Ennis IRL"]
[Date "2024.02.24"]
[Round "3.5"]
[White "O'Grady, Martin"]
[Black "Culbeaux Tello, Oscar Abraham"]
[Result "1/2-1/2"]
[BlackTitle "FM"]
[WhiteElo "1886"]
[BlackElo "2094"]
[WhiteICU "1679"]
[BlackICU "1989"]
[WhiteClub "Sarsfield"]
[BlackClub "Ennis"]
[WhiteNationality "IRL"]
[BlackNationality "MEX"]
[WhiteFideId "2505568"]
[BlackFideId "5101530"]
[PlyCount "75"]
[ECO "A46"]
[Opening "Queen's pawn game"]
[EventSection "1/3"]
[Venue "West County Hotel"]
[EventDate "2024.02.23"]
[TimeControl "4500+30"]

{ Event information: <a
href="https://www.irlchess.com/ennis2024_allfiles/pairings_ennis2024.html">Tournament
report</a>. }

1. d4 Nf6 2. Nf3 e6 3. g3 d5 4. Bg2 Be7 5. O-O O-O 6. c4 dxc4 7. Qc2 a6 8.
Qxc4 b5 9. Qc2 Bb7 10. Bf4 Nd5 11. Nc3 Nxf4 12. gxf4 g6 13. Rac1 Nd7 14.
Ne4 Rc8 15. Rfd1 Qe8 16. Ne5 Bd5 17. Nc6 Bxe4 18. Bxe4 Bd6 19. Ne5 Qe7 20.
Bb7 Rb8 21. Bg2 Rb6 22. e3 Kh8 23. e4 Qe8 24. Nxd7 Qxd7 25. e5 Be7 26. Qxc7
Qd8 27. d5 exd5 28. Rxd5 Qxc7 29. Rxc7 Bh4 30. Rdd7 Rbb8 31. Bd5 Rbd8 32.
Bxf7 Rxd7 33. Rxd7 Rd8 34. Rxd8+ Bxd8 35. Kg2 Kg7 36. Bd5 b4 37. Kf3 Bb6
38. Ke2 1/2-1/2

[Event "Ennis Open 2024"]
[Site "Ennis IRL"]
[Date "2024.02.24"]
[Round "3.6"]
[White "Daly, Colm"]
[Black "Petrenko, Maryna"]
[Result "1-0"]
[WhiteTitle "FM"]
[WhiteElo "2135"]
[BlackElo "1814"]
[WhiteICU "2141"]
[WhiteClub "Bray/Greystones"]
[WhiteNationality "IRL"]
[BlackNationality "UKR"]
[WhiteFideId "2500434"]
[BlackFideId "14197820"]
[PlyCount "81"]
[ECO "A36"]
[Opening "English"]
[Variation "ultra-symmetrical variation"]
[EventSection "1/3"]
[Venue "West County Hotel"]
[EventDate "2024.02.23"]
[TimeControl "4500+30"]

{ Event information: <a
href="https://www.irlchess.com/ennis2024_allfiles/pairings_ennis2024.html">Tournament
report</a>. }

1. c4 c5 2. Nc3 Nc6 3. g3 g6 4. Bg2 Bg7 5. d3 e5 6. Rb1 Nge7 7. a3 a5 8. h4
h6 9. h5 g5 10. f4 gxf4 11. gxf4 Rg8 12. Be4 f5 13. Bg2 e4 14. Kf1 Bxc3 15.
bxc3 d5 16. cxd5 Nxd5 17. Qb3 Rg3 18. Rh3 Rxh3 19. Nxh3 Nf6 20. Qc4 Qd5 21.
Qxd5 Nxd5 22. Bd2 Nf6 23. dxe4 fxe4 24. Nf2 Kd8 25. Be3 Kc7 26. Bxc5 Ra6
27. Rd1 Bf5 28. Ke1 Nb8 29. Bd4 Nbd7 30. e3 Nxh5 31. Kd2 Nhf6 32. Rb1 Bg6
33. Bh3 Nb6 34. Bf1 Nbd7 35. Bxa6 bxa6 36. Rg1 Bf5 37. c4 Kc6 38. Kc3 h5
39. Rg5 Be6 40. Rxa5 Kb7 41. Rg5 1-0

[Event "Ennis Open 2024"]
[Site "Ennis IRL"]
[Date "2024.02.24"]
[Round "3.8"]
[White "Dunne Jr., Thomas"]
[Black "Murchadha, Oissine"]
[Result "1/2-1/2"]
[BlackTitle "CM"]
[WhiteElo "1837"]
[BlackElo "1959"]
[WhiteICU "1804"]
[BlackICU "1974"]
[WhiteClub "Ballinasloe"]
[BlackClub "Galway"]
[WhiteNationality "IRL"]
[BlackNationality "IRL"]
[WhiteFideId "2507269"]
[BlackFideId "2503603"]
[PlyCount "53"]
[ECO "B13"]
[Opening "Caro-Kann"]
[Variation "exchange variation"]
[EventSection "1/3"]
[Venue "West County Hotel"]
[EventDate "2024.02.23"]
[TimeControl "4500+30"]
[BlackFullName "Murchadha, Oiss&iacute;ne"]

{ Event information: <a
href="https://www.irlchess.com/ennis2024_allfiles/pairings_ennis2024.html">Tournament
report</a>. }

1. e4 c6 2. d4 d5 3. exd5 cxd5 4. Bd3 Nf6 5. Ne2 Bg4 6. O-O e6 7. f3 Bh5 8.
Nf4 Bg6 9. Nxg6 hxg6 10. Bf4 Bd6 11. Qd2 Qc7 12. Bxd6 Qxd6 13. g3 Nc6 14.
c3 O-O-O 15. Rf2 e5 16. Na3 a6 17. Nc2 Rh6 18. b4 Rdh8 19. Rg2 e4 20. fxe4
dxe4 21. Be2 Ne7 22. Qg5 Nf5 23. Rf1 Nh7 24. Qg4 Nf6 25. Qg5 Nh7 26. Qf4
Qxf4 27. Rxf4 1/2-1/2

[Event "Ennis Open 2024"]
[Site "Ennis IRL"]
[Date "2024.02.25"]
[Round "4.1"]
[White "Venkatesan, Kavin"]
[Black "Costachi, Mihnea"]
[Result "1/2-1/2"]
[WhiteTitle "FM"]
[BlackTitle "IM"]
[WhiteElo "2166"]
[BlackElo "2471"]
[WhiteICU "2239"]
[WhiteClub "St. Benildus"]
[WhiteNationality "IRL"]
[BlackNationality "ROU"]
[WhiteFideId "2512602"]
[BlackFideId "1217518"]
[PlyCount "32"]
[ECO "E76"]
[Opening "King's Indian"]
[Variation "Four pawns attack, dynamic line"]
[EventSection "1/3"]
[Venue "West County Hotel"]
[EventDate "2024.02.23"]
[TimeControl "4500+30"]

{ Event information: <a
href="https://www.irlchess.com/ennis2024_allfiles/pairings_ennis2024.html">Tournament
report</a>. }

1. d4 Nf6 2. c4 g6 3. Nc3 Bg7 4. e4 d6 5. f4 c5 6. d5 O-O 7. Nf3 e6 8. dxe6
fxe6 9. Bd3 Nc6 10. O-O Nd4 11. Nxd4 cxd4 12. Nb5 Ne8 13. b4 a6 14. Na3 b6
15. Qb3 Nf6 16. Bd2 Kh8 1/2-1/2

[Event "Ennis Open 2024"]
[Site "Ennis IRL"]
[Date "2024.02.25"]
[Round "4.2"]
[White "Arkell, Keith"]
[Black "Baker, Chris W."]
[Result "1-0"]
[WhiteTitle "GM"]
[WhiteElo "2366"]
[BlackElo "2020"]
[WhiteNationality "ENG"]
[BlackNationality "ENG"]
[WhiteFideId "400270"]
[BlackFideId "405620"]
[PlyCount "81"]
[ECO "A09"]
[Opening "Reti accepted"]
[EventSection "1/3"]
[Venue "West County Hotel"]
[EventDate "2024.02.23"]
[TimeControl "4500+30"]

{ Event information: <a
href="https://www.irlchess.com/ennis2024_allfiles/pairings_ennis2024.html">Tournament
report</a>. }

1. Nf3 d5 2. c4 dxc4 3. e3 Nf6 4. Bxc4 e6 5. O-O c5 6. Nc3 a6 7. Be2 b5 8.
a4 b4 9. Nb1 Nc6 10. d3 Bb7 11. Nbd2 Qc7 12. b3 Be7 13. Bb2 O-O 14. Qc2
Rac8 15. Rac1 Qb8 16. Nc4 Nd7 17. Qb1 Bf6 18. Nfd2 Ne7 19. Ne4 Bxb2 20.
Qxb2 Nf5 21. Bg4 Nh4 22. Bh3 Bd5 23. f4 Bxe4 24. dxe4 Nf6 25. g3 Ng6 26.
Bg2 Rfd8 27. Rfd1 Rxd1+ 28. Rxd1 Rd8 29. Rxd8+ Qxd8 30. Qd2 Qc8 31. e5 Nd5
32. Bxd5 exd5 33. Qxd5 Ne7 34. Qd3 g6 35. Nd6 Qe6 36. Qc4 Nd5 37. Qxc5 Kg7
38. Qc6 Nc3 39. Ne8+ Kf8 40. Qxe6 fxe6 41. Nc7 1-0

[Event "Ennis Open 2024"]
[Site "Ennis IRL"]
[Date "2024.02.25"]
[Round "4.3"]
[White "Turzo, Attila"]
[Black "Gubanov, Oleg"]
[Result "0-1"]
[WhiteTitle "IM"]
[BlackTitle "IM"]
[WhiteElo "2278"]
[BlackElo "2285"]
[BlackICU "2236"]
[BlackClub "Ennis"]
[WhiteNationality "HUN"]
[BlackNationality "UKR"]
[WhiteFideId "704954"]
[BlackFideId "14115115"]
[PlyCount "138"]
[ECO "A45"]
[Opening "Queen's pawn game"]
[EventSection "1/3"]
[Venue "West County Hotel"]
[EventDate "2024.02.23"]
[TimeControl "4500+30"]
[WhiteFullName "Turz&oacute;, Attila"]

{ Event information: <a
href="https://www.irlchess.com/ennis2024_allfiles/pairings_ennis2024.html">Tournament
report</a>. }

1. d4 Nf6 2. Bf4 e6 3. Nf3 b6 4. e3 Bb7 5. Bd3 Be7 6. h3 c5 7. Nbd2 O-O 8.
O-O Ba6 9. Bxa6 Nxa6 10. c3 Nb8 11. Qe2 Qc8 12. a4 Qa6 13. Qb5 cxd4 14.
exd4 Qb7 15. a5 Nd5 16. Bg3 a6 17. Qb3 b5 18. c4 Nb4 19. c5 N8c6 20. Ne4
Nd5 21. Nc3 Ncb4 22. Rfe1 Rfd8 23. Ne4 Nc6 24. Bd6 Bxd6 25. Nxd6 Qc7 26.
Ne5 Rf8 27. Qd3 Ncb4 28. Qd2 f6 29. Nf3 Nc6 30. Re4 Nce7 31. h4 Nc8 32.
Nxc8 Raxc8 33. b4 Qc6 34. Rae1 Ne7 35. Nh2 Qd5 36. Nf1 Nc6 37. Qc3 f5 38.
Rf4 Qc4 39. Qxc4 bxc4 40. Rc1 d5 41. cxd6 Nxb4 42. Rf3 Rfd8 43. Nd2 Rxd6
44. Rxc4 Rxc4 45. Nxc4 Rxd4 46. Ne5 Rd5 47. Rb3 Rxe5 48. Rxb4 Rxa5 49. Rb7
e5 50. Ra7 g6 51. g3 Ra1+ 52. Kg2 e4 53. Ra8+ Kg7 54. Ra7+ Kh6 55. Kh2 a5
56. Kg2 a4 57. Kh2 a3 58. Kg2 a2 59. Ra6 Kh5 60. Ra7 h6 61. Ra6 g5 62. hxg5
hxg5 63. Ra5 Kg4 64. Ra8 f4 65. gxf4 gxf4 66. Rg8+ Kf5 67. Ra8 e3 68. fxe3
fxe3 69. Kf3 Rf1+ 0-1

[Event "Ennis Open 2024"]
[Site "Ennis IRL"]
[Date "2024.02.25"]
[Round "4.4"]
[White "Morriss, Pete"]
[Black "Daly, Colm"]
[Result "0-1"]
[BlackTitle "FM"]
[WhiteElo "1934"]
[BlackElo "2135"]
[WhiteICU "1716"]
[BlackICU "2141"]
[WhiteClub "Galway"]
[BlackClub "Bray/Greystones"]
[WhiteNationality "IRL"]
[BlackNationality "IRL"]
[WhiteFideId "2500230"]
[BlackFideId "2500434"]
[PlyCount "50"]
[ECO "A00"]
[Opening "Polish (Sokolsky) opening"]
[EventSection "1/3"]
[Venue "West County Hotel"]
[EventDate "2024.02.23"]
[TimeControl "4500+30"]

{ Event information: <a
href="https://www.irlchess.com/ennis2024_allfiles/pairings_ennis2024.html">Tournament
report</a>. }

1. b4 e5 2. Bb2 d6 3. c4 Nf6 4. e3 Be7 5. Nf3 O-O 6. d4 Nbd7 7. Be2 Re8 8.
O-O e4 9. Nfd2 c6 10. Nc3 d5 11. b5 a6 12. a4 Nf8 13. c5 a5 14. Rb1 Ng6 15.
Ba1 Qd7 16. f3 exf3 17. Nxf3 Bd8 18. Qc1 Qe6 19. Nd1 Ne4 20. Bd3 Nh4 21.
Ne5 f6 22. Rf4 fxe5 23. Rxe4 Qg6 24. Rxh4 Qxd3 25. Rh5 Qe2 0-1

[Event "Ennis Open 2024"]
[Site "Ennis IRL"]
[Date "2024.02.25"]
[Round "4.5"]
[White "Culbeaux Tello, Oscar Abraham"]
[Black "Liu, Jason"]
[Result "1-0"]
[WhiteTitle "FM"]
[WhiteElo "2094"]
[BlackElo "1958"]
[WhiteICU "1989"]
[BlackICU "1987"]
[WhiteClub "Ennis"]
[BlackClub "Gonzaga"]
[WhiteNationality "MEX"]
[BlackNationality "IRL"]
[WhiteFideId "5101530"]
[BlackFideId "2514656"]
[PlyCount "75"]
[ECO "C00"]
[Opening "French"]
[Variation "King's Indian attack"]
[EventSection "1/3"]
[Venue "West County Hotel"]
[EventDate "2024.02.23"]
[TimeControl "4500+30"]

{ Event information: <a
href="https://www.irlchess.com/ennis2024_allfiles/pairings_ennis2024.html">Tournament
report</a>. }

1. e4 e6 2. d3 d5 3. Nd2 Nf6 4. Ngf3 c5 5. g3 Nc6 6. Bg2 Be7 7. O-O O-O 8.
e5 Nd7 9. Re1 b5 10. h4 Qc7 11. Qe2 Ba6 12. Nf1 Rac8 13. h5 Nd4 14. Nxd4
cxd4 15. Bd2 Qxc2 16. b4 Kh8 17. h6 g6 18. Bxd5 Qc7 19. Bg2 Bb7 20. Be4 Nb6
21. Rac1 Qd7 22. Rxc8 Bxc8 23. Nh2 Bb7 24. Ng4 Bd5 25. a3 a6 26. Qf3 Qd8
27. Rc1 Bxe4 28. Qxe4 Qd7 29. Qf4 Nd5 30. Qxd4 a5 31. Ne3 axb4 32. Bxb4
Bxb4 33. axb4 Rc8 34. Rxc8+ Qxc8 35. Nxd5 Qc1+ 36. Kh2 Qxh6+ 37. Kg2 exd5
38. e6+ 1-0

[Event "Ennis Open 2024"]
[Site "Ennis IRL"]
[Date "2024.02.25"]
[Round "4.6"]
[White "Kononova, Alina"]
[Black "Naughton, James"]
[Result "0-1"]
[WhiteElo "1632"]
[BlackElo "2055"]
[BlackICU "2000"]
[BlackClub "Limerick"]
[WhiteNationality "UKR"]
[BlackNationality "IRL"]
[WhiteFideId "14137593"]
[BlackFideId "2509199"]
[PlyCount "116"]
[ECO "B91"]
[Opening "Sicilian"]
[Variation "Najdorf, Zagreb (fianchetto) variation"]
[EventSection "1/3"]
[Venue "West County Hotel"]
[EventDate "2024.02.23"]
[TimeControl "4500+30"]

{ Event information: <a
href="https://www.irlchess.com/ennis2024_allfiles/pairings_ennis2024.html">Tournament
report</a>. }

1. e4 c5 2. Nf3 d6 3. d4 cxd4 4. Nxd4 Nf6 5. Nc3 a6 6. g3 e5 7. Nb3 Be7 8.
Bg2 O-O 9. O-O Bg4 10. Qd3 Qc7 11. Be3 Nbd7 12. h3 Be6 13. Nd5 Bxd5 14.
exd5 Rac8 15. Rac1 b5 16. Nd2 Nc5 17. Bxc5 Qxc5 18. c4 b4 19. Ne4 Nxe4 20.
Bxe4 g6 21. g4 Bg5 22. Rc2 Qa7 23. Kh1 a5 24. Rg1 Qe7 25. b3 Bf4 26. Qf3
Kh8 27. Qd3 Qh4 28. Rd1 Rc5 29. Rg1 Ra8 30. Qf3 a4 31. Rb1 axb3 32. Rxb3
Ra4 33. Kg2 Qg5 34. Bd3 Rca5 35. Rcb2 f5 36. Bf1 Rxa2 37. Rxb4 R5a3 38.
Rb8+ Kg7 39. R2b7+ Kh6 40. Rh8 Qxg4+ 41. hxg4 Rxf3 42. Kxf3 Kg5 43. gxf5
e4+ 44. Kg2 e3 45. Re8 Rxf2+ 46. Kg1 Bh2+ 47. Kh1 Be5 48. Kg1 Bh2+ 49. Kh1
Be5 50. Rb1 gxf5 51. c5 f4 52. Rc1 f3 53. Rxe5+ dxe5 54. c6 Kf4 55. Kg1 Kg3
56. c7 Rh2 57. Bh3 e2 58. Rf1 exf1=Q+ 0-1

[Event "Ennis Open 2024"]
[Site "Ennis IRL"]
[Date "2024.02.25"]
[Round "4.7"]
[White "Murchadha, Oissine"]
[Black "Beryozkin, Sergey"]
[Result "1/2-1/2"]
[WhiteTitle "CM"]
[WhiteElo "1959"]
[BlackElo "1852"]
[WhiteICU "1974"]
[BlackICU "1746"]
[WhiteClub "Galway"]
[BlackClub "Dun Laoghaire"]
[WhiteNationality "IRL"]
[BlackNationality "IRL"]
[WhiteFideId "2503603"]
[BlackFideId "2510472"]
[PlyCount "108"]
[ECO "A04"]
[Opening "Reti opening"]
[EventSection "1/3"]
[Venue "West County Hotel"]
[EventDate "2024.02.23"]
[TimeControl "4500+30"]
[WhiteFullName "Murchadha, Oiss&iacute;ne"]

{ Event information: <a
href="https://www.irlchess.com/ennis2024_allfiles/pairings_ennis2024.html">Tournament
report</a>. }

1. Nf3 c5 2. g3 Nf6 3. c4 Nc6 4. Bg2 g6 5. O-O Bg7 6. Nc3 d5 7. d4 dxc4 8.
d5 Nb4 9. Ne5 O-O 10. Bg5 h6 11. Bxf6 Bxf6 12. Nxc4 Rb8 13. a3 Na6 14. a4
Bg7 15. Qd2 Nc7 16. e4 b5 17. axb5 Nxb5 18. Nxb5 Rxb5 19. Rxa7 Rb4 20. Rc1
Bb7 21. Rc2 Qb8 22. Ra5 Qc7 23. d6 exd6 24. Qxd6 Rc8 25. Qxc7 Rxc7 26. e5
Bc8 27. Ra8 Kh7 28. f4 Bf5 29. Rc3 Be6 30. b3 Rd7 31. Bf3 Rd4 32. Ra7 Kg8
33. Ra8+ Kh7 34. Ra7 Bf8 35. Kf2 Kg7 36. Ke3 h5 37. Rc7 Rb8 38. Be2 Ra8 39.
Nd6 Bxd6 40. exd6 Rxd6 41. R7xc5 Ra2 42. Bd3 Rxh2 43. f5 Bd5 44. fxg6 fxg6
45. Be4 Bf7 46. b4 Rh3 47. Kf4 h4 48. gxh4 Rxh4+ 49. Kf3 Rh3+ 50. Kg2 Rxc3
51. Rxc3 Rb6 52. Rc7 Rxb4 53. Bd5 Rf4 54. Bxf7 Rxf7 1/2-1/2

[Event "Ennis Open 2024"]
[Site "Ennis IRL"]
[Date "2024.02.25"]
[Round "5.1"]
[White "Costachi, Mihnea"]
[Black "Arkell, Keith"]
[Result "1-0"]
[WhiteTitle "IM"]
[BlackTitle "GM"]
[WhiteElo "2471"]
[BlackElo "2366"]
[WhiteNationality "ROU"]
[BlackNationality "ENG"]
[WhiteFideId "1217518"]
[BlackFideId "400270"]
[PlyCount "58"]
[ECO "A40"]
[Opening "Queen's pawn"]
[Variation "Franco-Indian (Keres) defence"]
[EventSection "1/3"]
[Venue "West County Hotel"]
[EventDate "2024.02.23"]
[TimeControl "4500+30"]

{ Event information: <a
href="https://www.irlchess.com/ennis2024_allfiles/pairings_ennis2024.html">Tournament
report</a>. }

1. d4 e6 2. c4 Bb4+ 3. Bd2 Bxd2+ 4. Qxd2 Nf6 5. Nf3 O-O 6. Nc3 d5 7. e3
Nbd7 8. Bd3 dxc4 9. Bxc4 a6 10. a4 c5 11. O-O Nb6 12. Be2 cxd4 13. Rfd1 Bd7
14. Qxd4 Bc6 15. a5 Nbd7 16. Qb4 Qc7 17. Nd4 Ne5 18. Rac1 Rfd8 19. h3 Rac8
20. f4 Ng6 21. Nxc6 bxc6 22. Bxa6 Rb8 23. Rxd8+ Qxd8 24. Qc5 Ra8 25. Qxc6
Ne7 26. Qb6 Qxb6 27. axb6 Rxa6 28. b7 Rb6 29. Ra1 Ra6 1-0

[Event "Ennis Open 2024"]
[Site "Ennis IRL"]
[Date "2024.02.25"]
[Round "5.2"]
[White "Gubanov, Oleg"]
[Black "Venkatesan, Kavin"]
[Result "1-0"]
[WhiteTitle "IM"]
[BlackTitle "FM"]
[WhiteElo "2285"]
[BlackElo "2166"]
[WhiteICU "2236"]
[BlackICU "2239"]
[WhiteClub "Ennis"]
[BlackClub "St. Benildus"]
[WhiteNationality "UKR"]
[BlackNationality "IRL"]
[WhiteFideId "14115115"]
[BlackFideId "2512602"]
[PlyCount "121"]
[ECO "B90"]
[Opening "Sicilian"]
[Variation "Najdorf, Byrne (English) attack"]
[EventSection "1/3"]
[Venue "West County Hotel"]
[EventDate "2024.02.23"]
[TimeControl "4500+30"]

{ Event information: <a
href="https://www.irlchess.com/ennis2024_allfiles/pairings_ennis2024.html">Tournament
report</a>. }

1. e4 c5 2. Nf3 d6 3. d4 cxd4 4. Nxd4 Nf6 5. Nc3 a6 6. Be3 e5 7. Nb3 Be7 8.
f3 Be6 9. Qd2 h5 10. Nd5 Nxd5 11. exd5 Bf5 12. Be2 Nd7 13. O-O Bg6 14. Na5
Qc7 15. c4 O-O 16. b4 Nb8 17. Rac1 b6 18. Nb3 a5 19. bxa5 bxa5 20. c5 a4
21. cxd6 Qxd6 22. Nc5 Nd7 23. Nb7 Qb8 24. d6 Bd8 25. Nxd8 Rxd8 26. Rc6 a3
27. Bc4 Qb2 28. Rd1 Rac8 29. Qd5 Kh7 30. Rd2 Qc1+ 31. Kf2 Nf6 32. Qc5 Rxc6
33. Qxc6 Qc3 34. Bb5 Qb4 35. Qc4 Qb1 36. Qc7 Rg8 37. Bf1 Qf5 38. Kg1 Rc8
39. Qa5 Rc1 40. Qxa3 Qb1 41. Qa6 Nd7 42. g3 Bf5 43. Kf2 e4 44. Qb5 exf3 45.
Qxb1 Rxb1 46. Bd4 g5 47. a4 Rb4 48. a5 Ra4 49. a6 Ra5 50. a7 Be4 51. Bd3 f5
52. Bxe4 fxe4 53. Rc2 Kg6 54. Rc8 Ra2+ 55. Kf1 Nb6 56. Bxb6 Ra1+ 57. Kf2
Ra2+ 58. Ke3 Re2+ 59. Kd4 f2 60. Rf8 Ra2 61. Kxe4 1-0

[Event "Ennis Open 2024"]
[Site "Ennis IRL"]
[Date "2024.02.25"]
[Round "5.3"]
[White "Daly, Colm"]
[Black "Culbeaux Tello, Oscar Abraham"]
[Result "1-0"]
[WhiteTitle "FM"]
[BlackTitle "FM"]
[WhiteElo "2135"]
[BlackElo "2094"]
[WhiteICU "2141"]
[BlackICU "1989"]
[WhiteClub "Bray/Greystones"]
[BlackClub "Ennis"]
[WhiteNationality "IRL"]
[BlackNationality "MEX"]
[WhiteFideId "2500434"]
[BlackFideId "5101530"]
[PlyCount "79"]
[ECO "E95"]
[Opening "King's Indian"]
[Variation "orthodox, 7...Nbd7, 8.Re1"]
[EventSection "1/3"]
[Venue "West County Hotel"]
[EventDate "2024.02.23"]
[TimeControl "4500+30"]

{ Event information: <a
href="https://www.irlchess.com/ennis2024_allfiles/pairings_ennis2024.html">Tournament
report</a>. }

1. Nf3 g6 2. c4 Nf6 3. Nc3 Bg7 4. d4 O-O 5. e4 d6 6. Be2 Nbd7 7. O-O e5 8.
Re1 h6 9. Bf1 Re8 10. Rb1 exd4 11. Nxd4 Nc5 12. f3 a5 13. Be3 Bd7 14. Qd2
Kh7 15. Rbd1 Qe7 16. Ndb5 Bxb5 17. cxb5 b6 18. Bc4 Rac8 19. a3 Qf8 20. Qc2
Ncd7 21. h3 Nc5 22. b4 axb4 23. axb4 Ncd7 24. Qb3 c5 25. bxc6 Rxc6 26. Bb5
Rc7 27. Na4 Rec8 28. Qd3 d5 29. Bxd7 Nxd7 30. Nxb6 Nxb6 31. Bxb6 dxe4 32.
Rxe4 Rc3 33. Qd7 Rc1 34. Bc5 R8xc5 35. bxc5 Qxc5+ 36. Kh1 Rc2 37. Qxf7 Rxg2
38. Re7 Rh2+ 39. Kxh2 Qf2+ 40. Kh1 1-0

[Event "Ennis Open 2024"]
[Site "Ennis IRL"]
[Date "2024.02.25"]
[Round "5.4"]
[White "Baker, Chris W."]
[Black "Naughton, James"]
[Result "0-1"]
[WhiteElo "2020"]
[BlackElo "2055"]
[BlackICU "2000"]
[BlackClub "Limerick"]
[WhiteNationality "ENG"]
[BlackNationality "IRL"]
[WhiteFideId "405620"]
[BlackFideId "2509199"]
[PlyCount "107"]
[ECO "E04"]
[Opening "Catalan"]
[Variation "open, 5.Nf3"]
[EventSection "1/3"]
[Venue "West County Hotel"]
[EventDate "2024.02.23"]
[TimeControl "4500+30"]

{ Event information: <a
href="https://www.irlchess.com/ennis2024_allfiles/pairings_ennis2024.html">Tournament
report</a>. }

1. d4 Nf6 2. c4 e6 3. Nf3 d5 4. g3 dxc4 5. Bg2 Bb4+ 6. Bd2 a5 7. O-O O-O 8.
Qc2 Bxd2 9. Nbxd2 b5 10. a4 c6 11. Ne5 Nd5 12. Ne4 Qc7 13. Rfc1 Nd7 14. Ng5
g6 15. axb5 Nxe5 16. dxe5 cxb5 17. Qe4 Kg7 18. Qd4 Bb7 19. Ne4 Ne7 20. Nd6
Bxg2 21. Kxg2 Nf5 22. Nxf5+ exf5 23. e6+ Kg8 24. Qd5 Rab8 25. Ra3 a4 26.
Kg1 Rfd8 27. exf7+ Qxf7 28. Qe5 Qd5 29. Qf6 Qd6 30. Qh4 Qd4 31. Qe7 Re8 32.
Qc7 Qxb2 33. Rac3 Qd2 34. h4 Qd8 35. Qc5 Qe7 36. Qc6 Qxe2 37. h5 Qe6 38.
Qc7 Qe5 39. Qc6 Re6 40. Qd7 Qd6 41. Qa7 Qb6 42. Qxb6 Rbxb6 43. Rd1 Rbd6 44.
Rb1 Re5 45. Rc2 a3 46. Rc3 Rd3 47. Rc2 Kf7 48. h6 Red5 49. Kg2 Rb3 50. Re1
Rb2 51. Rc3 Rd3 52. Rxd3 cxd3 53. Rc1 Rc2 54. Ra1 0-1

[Event "Ennis Open 2024"]
[Site "Ennis IRL"]
[Date "2024.02.25"]
[Round "5.5"]
[White "Beryozkin, Sergey"]
[Black "Turzo, Attila"]
[Result "0-1"]
[BlackTitle "IM"]
[WhiteElo "1852"]
[BlackElo "2278"]
[WhiteICU "1746"]
[WhiteClub "Dun Laoghaire"]
[WhiteNationality "IRL"]
[BlackNationality "HUN"]
[WhiteFideId "2510472"]
[BlackFideId "704954"]
[PlyCount "34"]
[ECO "D10"]
[Opening "QGD Slav defence"]
[EventSection "1/3"]
[Venue "West County Hotel"]
[EventDate "2024.02.23"]
[TimeControl "4500+30"]
[BlackFullName "Turz&oacute;, Attila"]

{ Event information: <a
href="https://www.irlchess.com/ennis2024_allfiles/pairings_ennis2024.html">Tournament
report</a>. }

1. d4 d5 2. c4 c6 3. e3 Nf6 4. Bd3 Bg4 5. Ne2 e6 6. Nbc3 Nbd7 7. O-O Be7 8.
Qc2 Bh5 9. f3 Bg6 10. e4 dxe4 11. fxe4 e5 12. d5 Bc5+ 13. Kh1 Ng4 14. Nd1
Nxh2 15. Re1 Qh4 16. g3 Qh3 17. Ng1 Bxg1 0-1

[Event "Ennis Open 2024"]
[Site "Ennis IRL"]
[Date "2024.02.25"]
[Round "5.6"]
[White "Arellano, Robert"]
[Black "Morriss, Pete"]
[Result "1-0"]
[WhiteElo "2075"]
[BlackElo "1934"]
[BlackICU "1716"]
[BlackClub "Galway"]
[WhiteNationality "PHI"]
[BlackNationality "IRL"]
[WhiteFideId "5206049"]
[BlackFideId "2500230"]
[PlyCount "61"]
[ECO "D02"]
[Opening "Queen's pawn game"]
[EventSection "1/3"]
[Venue "West County Hotel"]
[EventDate "2024.02.23"]
[TimeControl "4500+30"]

{ Event information: <a
href="https://www.irlchess.com/ennis2024_allfiles/pairings_ennis2024.html">Tournament
report</a>. }

1. d4 d5 2. Nf3 e6 3. g3 b5 4. Bg2 Bb7 5. O-O Nf6 6. Ne5 c5 7. c4 bxc4 8.
Qa4+ Nfd7 9. e4 cxd4 10. exd5 Bxd5 11. Nxc4 Bxg2 12. Kxg2 Qc7 13. Bf4 Qc6+
14. Qxc6 Nxc6 15. Nd6+ Bxd6 16. Bxd6 Nb6 17. Nd2 O-O-O 18. Bc5 Nd5 19. Rfc1
Kb7 20. b4 e5 21. Nc4 Ka6 22. Rab1 Nc3 23. Rb3 Kb5 24. Na3+ Ka4 25. Nc4 Kb5
26. Na3+ Ka4 27. Nc2 Ne2 28. Rcb1 d3 29. b5 Nb4 30. Rxb4+ Ka5 31. R4b3 1-0

[Event "Ennis Open 2024"]
[Site "Ennis IRL"]
[Date "2024.02.25"]
[Round "5.7"]
[White "O'Sullivan, Aidan"]
[Black "Murchadha, Oissine"]
[Result "1/2-1/2"]
[BlackTitle "CM"]
[WhiteElo "1611"]
[BlackElo "1959"]
[WhiteICU "1447"]
[BlackICU "1974"]
[BlackClub "Galway"]
[WhiteNationality "IRL"]
[BlackNationality "IRL"]
[WhiteFideId "2512386"]
[BlackFideId "2503603"]
[PlyCount "59"]
[ECO "A80"]
[Opening "Dutch"]
[EventSection "1/3"]
[Venue "West County Hotel"]
[EventDate "2024.02.23"]
[TimeControl "4500+30"]
[BlackFullName "Murchadha, Oiss&iacute;ne"]

{ Event information: <a
href="https://www.irlchess.com/ennis2024_allfiles/pairings_ennis2024.html">Tournament
report</a>. }

1. d4 f5 2. Nf3 Nf6 3. c4 g6 4. Nc3 Bg7 5. Bf4 d6 6. e3 e6 7. Be2 Qe7 8. h4
h6 9. Qc2 Nc6 10. Nd2 e5 11. dxe5 dxe5 12. Bg3 Be6 13. O-O-O O-O 14. f3 a6
15. Bf2 b5 16. e4 f4 17. Nd5 Qf7 18. Nb3 Bxd5 19. cxd5 Nd8 20. Rd3 Nb7 21.
Nc5 Nxc5 22. Bxc5 Rfc8 23. Kb1 Bf8 24. Rc3 Bxc5 25. Rxc5 Ne8 26. Rc1 Rd8
27. Rh1 Rd6 28. Rd1 Rdd8 29. Rc1 Rdc8 30. Rh1 1/2-1/2